| TOP OF THE 1ST |
|
Detroit (APP) Tigers batting - Pitching for Pulaski Yankees : RHP Toshikazu Miyahara
|
|
Pitching: RHP Toshikazu Miyahara
|
|
|
Batting: RHB Seth Fox
|
0-0: SOLO HOME RUN (Flyball, 7LD, EV 100.0 MPH), Distance : 355 ft
|
|
Batting: RHB Alex Duarte
|
0-0: Called Strike 0-1: Called Strike 0-2: Strikes out looking
|
|
Batting: RHB Nate Dabney
|
0-0: Ball 1-0: Ball 2-0: Foul Ball, location: 2F 2-1: Ball 3-1: Called Strike 3-2: Foul Ball, location: 2F 3-2: Base on Balls
|
|
Batting: SHB Ronnie Lundy
|
0-0: Swinging Strike 0-1: Ball 1-1: Ball 2-1: Foul Ball, location: 2F 2-2: Ball 3-2: Fly out, F5 (Popup, 5, EV 69.4 MPH)
|
|
Batting: LHB Glen Boyle
|
0-0: Ball 1-0: Called Strike 1-1: Foul Ball, location: 2F 1-2: Ground out U3 (Groundball, 3, EV 103.1 MPH)
|
| Top of the 1st over - 1 run, 1 hit, 0 errors, 1 left on base; Detroit (APP) 1 - Pulaski 0 |
| BOTTOM OF THE 1ST |
|
Pulaski Yankees batting - Pitching for Detroit (APP) Tigers : RHP Danny Whitfield
|
|
Pitching: RHP Danny Whitfield
|
|
|
Batting: RHB Jim O'Dwyer
|
0-0: Swinging Strike 0-1: Ball 1-1: Ball 2-1: Foul Ball, location: 2F 2-2: Fly out, F8 (Line Drive, 8LD, EV 105.6 MPH)
|
|
Batting: RHB Ken Stair
|
0-0: Ball 1-0: Foul Ball, location: 2F 1-1: DOUBLE (Line Drive, 89D, EV 110.0 MPH)
|
|
Batting: SHB Dylan Best
|
0-0: Called Strike 0-1: Hit by Pitch
|
|
Batting: RHB Paul Ngumi
|
0-0: Ball 1-0: Ball 2-0: Reached on error, E6 (Groundball, 6S, EV 70.6 MPH) Ken Stair to third Dylan Best to second
|
|
Batting: RHB Jonathan Feldstein
|
0-0: Foul Ball, location: 2F 0-1: Swinging Strike 0-2: Ball 1-2: Strikes out swinging
|
|
Batting: RHB Bailey Hays
|
0-0: Fly out, F9 (Flyball, 9D, EV 80.0 MPH)
|
| Bottom of the 1st over - 0 runs, 1 hit, 1 error, 3 left on base; Detroit (APP) 1 - Pulaski 0 |
| TOP OF THE 2ND |
|
Detroit (APP) Tigers batting - Pitching for Pulaski Yankees : RHP Toshikazu Miyahara
|
|
Batting: RHB Dustin Bursell
|
0-0: Ball 1-0: Fly out, F7 (Flyball, 7D, EV 98.8 MPH)
|
|
Batting: RHB Tony Murray
|
0-0: Ball 1-0: Ground out 5-3 (Groundball, 56S, EV 63.1 MPH)
|
|
Batting: RHB Yasutaka Yamasaki
|
0-0: Called Strike 0-1: Swinging Strike 0-2: Strikes out swinging
|
| Top of the 2nd over - 0 runs, 0 hits, 0 errors, 0 left on base; Detroit (APP) 1 - Pulaski 0 |
| BOTTOM OF THE 2ND |
|
Pulaski Yankees batting - Pitching for Detroit (APP) Tigers : RHP Danny Whitfield
|
|
Batting: RHB Mustafa bin Gamali
|
0-0: Ball 1-0: Fly out, F7 (Flyball, 7, EV 98.1 MPH)
|
|
Batting: LHB Rip Log
|
0-0: Foul Ball, location: 2F 0-1: Called Strike 0-2: Ball 1-2: Strikes out looking
|
|
Batting: RHB Juan Perez
|
0-0: Ball 1-0: Ball 2-0: Ground out 5-3 (Groundball, 56S, EV 75.0 MPH)
|
| Bottom of the 2nd over - 0 runs, 0 hits, 0 errors, 0 left on base; Detroit (APP) 1 - Pulaski 0 |
| TOP OF THE 3RD |
|
Detroit (APP) Tigers batting - Pitching for Pulaski Yankees : RHP Toshikazu Miyahara
|
|
Batting: SHB Salvador Lacosta
|
0-0: Called Strike 0-1: Ball 1-1: Foul Ball, location: 2F 1-2: Foul Ball, location: 2F 1-2: SOLO HOME RUN (Flyball, 9LD, EV 95.0 MPH), Distance : 351 ft
|
|
Batting: RHB Seth Fox
|
0-0: Ball 1-0: Called Strike 1-1: Foul Ball, location: 2F 1-2: Strikes out swinging
|
|
Batting: RHB Alex Duarte
|
0-0: Ball 1-0: Foul Ball, location: 2F 1-1: Ball 2-1: Ball 3-1: Foul Ball, location: 2F 3-2: Fly out, F8 (Flyball, 8RM, EV 88.8 MPH)
|
|
Batting: RHB Nate Dabney
|
0-0: Called Strike 0-1: Ball 1-1: Ball 2-1: Ball 3-1: Ground out 5-3 (Groundball, 56S, EV 83.1 MPH)
|
| Top of the 3rd over - 1 run, 1 hit, 0 errors, 0 left on base; Detroit (APP) 2 - Pulaski 0 |
| BOTTOM OF THE 3RD |
|
Pulaski Yankees batting - Pitching for Detroit (APP) Tigers : RHP Danny Whitfield
|
|
Batting: RHB Jim O'Dwyer
|
0-0: Called Strike 0-1: Ball 1-1: Swinging Strike 1-2: SINGLE (Groundball, 56D, EV 103.1 MPH)
|
|
Batting: RHB Ken Stair
|
0-0: Ball 1-0: Called Strike 1-1: Foul Ball, location: 2F 1-2: Foul Ball, location: 2F 1-2: Ball 2-2: Strikes out looking
|
|
Batting: SHB Dylan Best
|
0-0: Called Strike 0-1: 2-RUN HOME RUN (Flyball, 89XD, EV 107.5 MPH), Distance : 408 ft
|
|
Batting: RHB Paul Ngumi
|
0-0: Ball 1-0: Ball 2-0: Ball 3-0: Called Strike 3-1: Base on Balls
|
|
Batting: RHB Jonathan Feldstein
|
0-0: Called Strike 0-1: Ball Paul Ngumi is caught stealing 2nd base 2-4 1-1: Foul Ball, location: 2F 1-2: Ball 2-2: Strikes out swinging
|
| Bottom of the 3rd over - 2 runs, 2 hits, 0 errors, 0 left on base; Detroit (APP) 2 - Pulaski 2 |
| TOP OF THE 4TH |
|
Detroit (APP) Tigers batting - Pitching for Pulaski Yankees : RHP Toshikazu Miyahara
|
|
Batting: SHB Ronnie Lundy
|
0-0: Ball 1-0: Foul Ball, location: 2F 1-1: Foul Ball, location: 2F 1-2: Ground out 4-3 (Groundball, 4M, EV 86.2 MPH)
|
|
Batting: LHB Glen Boyle
|
0-0: Ground out 4-3 (Groundball, 4S, EV 65.6 MPH)
|
|
Batting: RHB Dustin Bursell
|
0-0: Called Strike 0-1: Ball 1-1: Foul Ball, location: 2F 1-2: Strikes out swinging
|
| Top of the 4th over - 0 runs, 0 hits, 0 errors, 0 left on base; Detroit (APP) 2 - Pulaski 2 |
| BOTTOM OF THE 4TH |
|
Pulaski Yankees batting - Pitching for Detroit (APP) Tigers : RHP Danny Whitfield
|
|
Batting: RHB Bailey Hays
|
0-0: Ground out 5-3 (Groundball, 56, EV 83.8 MPH)
|
|
Batting: RHB Mustafa bin Gamali
|
0-0: Called Strike 0-1: Foul Ball, location: 2F 0-2: Ball 1-2: Strikes out looking
|
|
Batting: LHB Rip Log
|
0-0: Called Strike 0-1: Ground out 4-3 (Groundball, 4, EV 80.6 MPH)
|
| Bottom of the 4th over - 0 runs, 0 hits, 0 errors, 0 left on base; Detroit (APP) 2 - Pulaski 2 |
| TOP OF THE 5TH |
|
Detroit (APP) Tigers batting - Pitching for Pulaski Yankees : RHP Toshikazu Miyahara
|
|
Batting: RHB Tony Murray
|
0-0: Ground out 4-3 (Groundball, 4, EV 95.0 MPH)
|
|
Batting: RHB Yasutaka Yamasaki
|
0-0: Ball 1-0: Ground out 5-3 (Groundball, 56S, EV 93.1 MPH)
|
|
Batting: SHB Salvador Lacosta
|
0-0: Fly out, F9 (Flyball, 9LSF, EV 83.1 MPH)
|
| Top of the 5th over - 0 runs, 0 hits, 0 errors, 0 left on base; Detroit (APP) 2 - Pulaski 2 |
| BOTTOM OF THE 5TH |
|
Pulaski Yankees batting - Pitching for Detroit (APP) Tigers : RHP Danny Whitfield
|
|
Batting: RHB Juan Perez
|
0-0: Ground out 4-3 (Groundball, 4D, EV 98.1 MPH)
|
|
Batting: RHB Jim O'Dwyer
|
0-0: Called Strike 0-1: Ball 1-1: Called Strike 1-2: Ball 2-2: Ball 3-2: Strikes out swinging
|
|
Batting: RHB Ken Stair
|
0-0: Ball 1-0: Ball 2-0: SINGLE (Groundball, 56D, EV 100.6 MPH)
|
|
Batting: SHB Dylan Best
|
0-0: Called Strike 0-1: Swinging Strike 0-2: Ball 1-2: Foul Ball, location: 2F 1-2: Strikes out swinging
|
| Bottom of the 5th over - 0 runs, 1 hit, 0 errors, 1 left on base; Detroit (APP) 2 - Pulaski 2 |
| TOP OF THE 6TH |
|
Detroit (APP) Tigers batting - Pitching for Pulaski Yankees : RHP Toshikazu Miyahara
|
|
Batting: RHB Seth Fox
|
0-0: Ball 1-0: Ball 2-0: Foul Ball, location: 2F 2-1: SINGLE (Groundball, 25, EV 70.0 MPH) (infield hit)
|
|
Batting: RHB Alex Duarte
|
0-0: Ball 1-0: Swinging Strike 1-1: Ball 2-1: Foul Ball, location: 2F 2-2: Foul Ball, location: 2F 2-2: Ball 3-2: Strikes out swinging
|
|
Batting: RHB Nate Dabney
|
0-0: Ball 1-0: Ball 2-0: Called Strike 2-1: Ball 3-1: Base on Balls Seth Fox to second
|
|
Batting: SHB Ronnie Lundy
|
0-0: Ball 1-0: Called Strike 1-1: Foul Ball, location: 2F 1-2: Fly out, F5 (Popup, 5F, EV 82.5 MPH)
|
|
Batting: LHB Glen Boyle
|
0-0: DOUBLE (Groundball, 3L, EV 105.6 MPH) Seth Fox scores Nate Dabney to third Runner from 3rd tries for Home, throw by RF and OUT! 9-4-2
|
| Top of the 6th over - 1 run, 2 hits, 0 errors, 1 left on base; Detroit (APP) 3 - Pulaski 2 |
| BOTTOM OF THE 6TH |
|
Pulaski Yankees batting - Pitching for Detroit (APP) Tigers : RHP Danny Whitfield
|
|
Batting: RHB Paul Ngumi
|
0-0: Called Strike 0-1: Foul Ball, location: 2F 0-2: Ball 1-2: Ball 2-2: Fly out, F6 (Popup, 6MD, EV 70.6 MPH)
|
|
Pitching: RHP Malcolm Holz
|
|
|
Pinch Hitting: LHB Chris Viehman
|
0-0: Ball 1-0: Swinging Strike 1-1: Swinging Strike 1-2: Foul Ball, location: 2F 1-2: Ball 2-2: Ball 3-2: Base on Balls
|
|
Pinch Hitting: LHB Victor Reyna
|
0-0: Called Strike 0-1: Ball 1-1: Ball 2-1: Foul Ball, location: 2F Pickoff Throw to First - Out! 1-3 CS 2-2: Foul Ball, location: 2F 2-2: Foul Ball, location: 2F 2-2: Ball 3-2: Strikes out swinging
|
| Bottom of the 6th over - 0 runs, 0 hits, 0 errors, 0 left on base; Detroit (APP) 3 - Pulaski 2 |
| TOP OF THE 7TH |
|
Detroit (APP) Tigers batting - Pitching for Pulaski Yankees : RHP Toshikazu Miyahara
|
|
Now at 2B: Chris Viehman
|
|
|
Now at 3B: Paul Ngumi
|
|
|
Now in LF: Victor Reyna
|
|
|
Batting: RHB Dustin Bursell
|
0-0: Ball 1-0: Ball 2-0: Ball 3-0: Base on Balls
|
|
Batting: RHB Tony Murray
|
0-0: Fly out, F3 (Popup, 3SF, EV 87.5 MPH)
|
|
Batting: RHB Yasutaka Yamasaki
|
0-0: Ball 1-0: Ball 2-0: Called Strike 2-1: Swinging Strike 2-2: Strikes out looking
|
|
Batting: SHB Salvador Lacosta
|
0-0: Ball 1-0: Foul Ball, location: 2F 1-1: Foul Ball, location: 2F 1-2: Ball 2-2: Fielders Choice at 2nd, 5-4 (Groundball, 5, EV 106.2 MPH)
|
| Top of the 7th over - 0 runs, 0 hits, 0 errors, 1 left on base; Detroit (APP) 3 - Pulaski 2 |
| BOTTOM OF THE 7TH |
|
Pulaski Yankees batting - Pitching for Detroit (APP) Tigers : RHP Malcolm Holz
|
|
Batting: RHB Mustafa bin Gamali
|
0-0: Ball 1-0: Called Strike 1-1: SINGLE (Groundball, 6MD, EV 100.0 MPH)
|
|
Pinch Hitting: RHB Yasuoka Tsuda
|
0-0: Ball 1-0: Ball 2-0: Ball 3-0: Called Strike 3-1: Foul Ball, location: 2F 3-2: Base on Balls Mustafa bin Gamali to second
|
|
Batting: RHB Juan Perez
|
0-0: Bunt missed! 0-1: Bunt missed! 0-2: Foul Ball, location: 2F 0-2: Ball 1-2: Foul Ball, location: 2F 1-2: SINGLE (Groundball, 6D, EV 106.2 MPH) Mustafa bin Gamali to third Yasuoka Tsuda to second Runner from 3rd tries for Home, SAFE, throw by LF to home
|
|
Pitching: RHP David Kalinsky
|
|
|
Pinch Runner at 2nd Tchaa Kombate:
|
|
|
Pinch Hitting: LHB Troy Jones
|
0-0: Called Strike 0-1: Ball 1-1: Fielders Choice at 2nd, 1-6 (Groundball, P, EV 65.0 MPH) Tchaa Kombate to third
|
|
Batting: RHB Ken Stair
|
0-0: Ball 1-0: Ball 2-0: Ball 3-0: Called Strike 3-1: Called Strike 3-2: SINGLE (Groundball, 34D, EV 96.2 MPH) Tchaa Kombate scores Troy Jones to second Runner from 2nd tries for 3rd, OUT! 9-5
|
|
Batting: SHB Dylan Best
|
0-0: Ball 1-0: Ball 2-0: Called Strike 2-1: Swinging Strike 2-2: Strikes out swinging
|
| Bottom of the 7th over - 2 runs, 3 hits, 0 errors, 1 left on base; Detroit (APP) 3 - Pulaski 4 |
| TOP OF THE 8TH |
|
Detroit (APP) Tigers batting - Pitching for Pulaski Yankees : RHP Toshikazu Miyahara
|
|
Now at 1B: Chris Viehman
|
|
|
Now at 2B: Paul Ngumi
|
|
|
Now at 3B: Edwin Sierra
|
|
|
Now in LF: Tchaa Kombate
|
|
|
Now in CF: Troy Jones
|
|
|
Now in RF: Victor Reyna
|
|
|
Batting: RHB Seth Fox
|
0-0: Called Strike 0-1: Swinging Strike 0-2: Strikes out swinging
|
|
Pinch Hitting: LHB Simon Barry
|
0-0: Ball 1-0: Ball 2-0: Ball 3-0: Called Strike 3-1: Base on Balls
|
|
Pitching: RHP Zack Young
|
|
|
Now at 2B: Edwin Sierra
|
|
|
Now at 3B: Victor Garcia
|
|
|
Batting: RHB Nate Dabney
|
0-0: Ball 1-0: Ball 2-0: Foul Ball, location: 2F 2-1: Fly out, F2 (Popup, 2R, EV 92.5 MPH)
|
|
Batting: SHB Ronnie Lundy
|
0-0: Called Strike 0-1: SINGLE (Line Drive, 78S, EV 100.0 MPH) Simon Barry to second
|
|
Batting: LHB Glen Boyle
|
0-0: Foul Ball, location: 2F 0-1: Foul Ball, location: 2F 0-2: Fly out, F9 (Flyball, 9D, EV 82.5 MPH)
|
| Top of the 8th over - 0 runs, 1 hit, 0 errors, 2 left on base; Detroit (APP) 3 - Pulaski 4 |
| BOTTOM OF THE 8TH |
|
Pulaski Yankees batting - Pitching for Detroit (APP) Tigers : RHP David Kalinsky
|
|
Now at 2B: Salvador Lacosta
|
|
|
Now at 3B: Simon Barry
|
|
|
Batting: RHB Victor Garcia
|
0-0: Ball 1-0: SINGLE (Groundball, 4MD, EV 96.2 MPH)
|
|
Batting: LHB Chris Viehman
|
0-0: Called Strike 0-1: Ball Wild Pitch! Victor Garcia to second 1-1: Ball 2-1: DOUBLE (Flyball, 89D, EV 105.0 MPH) Victor Garcia scores
|
|
Batting: LHB Victor Reyna
|
0-0: Intentional Walk
|
|
Batting: RHB Mustafa bin Gamali
|
0-0: Grounds into double play, 6-4-3 (Groundball, 6, EV 104.4 MPH) Chris Viehman to third
|
|
Batting: RHB Tchaa Kombate
|
0-0: Ball 1-0: Ball 2-0: Ball 3-0: Called Strike 3-1: Base on Balls
|
|
Pitching: RHP Edwin Marquez
|
|
|
Batting: RHB Juan Perez
|
0-0: Ball Wild Pitch! Chris Viehman scores Tchaa Kombate to second 1-0: Ball 2-0: Called Strike 2-1: Swinging Strike 2-2: Strikes out swinging
|
| Bottom of the 8th over - 2 runs, 2 hits, 0 errors, 1 left on base; Detroit (APP) 3 - Pulaski 6 |
| TOP OF THE 9TH |
|
Detroit (APP) Tigers batting - Pitching for Pulaski Yankees : RHP Zack Young
|
|
Pitching: RHP Lucas Uil
|
|
|
Batting: RHB Dustin Bursell
|
0-0: Swinging Strike 0-1: Ball 1-1: Foul Ball, location: 2F 1-2: Ball 2-2: Foul Ball, location: 2F 2-2: Ground out 6-3 (Groundball, 6, EV 96.9 MPH)
|
|
Batting: RHB Tony Murray
|
0-0: Ball 1-0: Fly out, F8 (Flyball, 89M, EV 93.8 MPH)
|
|
Batting: RHB Yasutaka Yamasaki
|
0-0: Ball 1-0: SINGLE (Flyball, 8RS, EV 101.9 MPH)
|
|
Batting: SHB Salvador Lacosta
|
0-0: Ball 1-0: Foul Ball, location: 2F 1-1: Swinging Strike 1-2: Ball 2-2: Foul Ball, location: 2F 2-2: Foul Ball, location: 2F 2-2: Strikes out looking
|
| Top of the 9th over - 0 runs, 1 hit, 0 errors, 1 left on base; Detroit (APP) 3 - Pulaski 6 |
|